 Dungeon Crawl Stone Soup version 0.28.0 (webtiles) character file.

Game seed: 12300998866279727226

361 HallandMoats the Skirmisher (level 6, -3/53 HPs)
             Began as a Ghoul Fighter on Feb 8, 2022.
             Was a Follower of Trog.
             Slain by a sky beast (5 damage)
             ... on level 6 of the Dungeon.
             The game lasted 00:03:27 (2965 turns).

HallandMoats the Skirmisher (Ghoul Fighter)         Turns: 2965, Time: 00:03:28

Health: -3/53      AC:  6    Str: 20    XL:     6   Next: 66%
Magic:  7/7        EV:  9    Int:  5    God:    Trog [*.....]
Gold:   178        SH:  4    Dex:  8    Spells: 5/5 levels left

rFire   . . .      SeeInvis .   a - +0 trident
rCold   + . .      Faith    .   c - +0 buckler
rNeg    + + +      Spirit   .   b - +0 scale mail
rPois   ∞          Reflect  .   (no helmet)
rElec   .          Harm     .   (no cloak)
rCorr   .          Rampage  .   (no gloves)
Will    ++...                   (no boots)
Stlth   ..........              (no amulet)
HPRegen 1.00/turn               (no ring)
MPRegen 0.10/turn               (no ring)

@: strong-willed, regenerating
A: claws 1, cold resistance 1, negative energy resistance 3, inhibited
regeneration, torment resistance 2
a: Renounce Religion


You were on level 6 of the Dungeon.
You worshipped Trog.
Trog was aware of your devotion.
You visited 1 branch of the dungeon, and saw 4 of its levels.

You collected 178 gold pieces.

Inventory:

Hand Weapons
 a - a +0 trident (weapon)
Missiles
 j - a throwing net (quivered)
Armour
 b - a +0 scale mail (worn)
 c - a +0 buckler (worn)
Scrolls
 e - 3 scrolls of fear {unknown}
 g - a scroll of immolation {unknown}
 h - a scroll of holy word {unknown}
 l - a scroll of identify {unknown}
 m - a scroll of amnesia {unknown}
 o - a scroll of summoning {unknown}
 p - a scroll of enchant weapon {unknown}
 q - a scroll of teleportation {unknown}
Potions
 d - a potion of heal wounds {unknown}
 f - a potion of attraction {unknown}
 i - 2 potions of curing {unknown}
 k - a potion of ambrosia {unknown}
 n - a potion of lignification {unknown}


   Skills:
 * Level 4.7 Fighting
 * Level 3.4 Polearms
 + Level 3.2 Armour
 + Level 1.5 Dodging
 + Level 3.3 Shields
 * Level 2.9 Invocations


You had 5 spell levels left.
You didn't know any spells.
Your spell library contained the following spells:

 Spells                   Type           Power      Damage    Failure   Level
 Iskenderun's Battlesphe  Conj           0%         2d6       100%        5
 Iron Shot                Conj/Erth      0%         9d1       100%        6
 Starburst                Conj/Fire      0%         6d3       100%        6


Dungeon Overview and Level Annotations

Branches:
Dungeon (3/15)

Altars:
Okawaru
Qazlal
Trog


Innate Abilities, Weirdness & Mutations

You thrive by killing the living.
You are immune to poison.
You have sharp fingernails.
Your flesh is cold resistant. (rC+)
You are immune to negative energy. (rN+++)
You do not regenerate when monsters are visible.
You are immune to unholy pain and torment.


Message History

You are too injured to fight recklessly!
You are too injured to fight recklessly!
Your skin crawls.
You feel strong-willed. Something hits you but does no damage.
You hit something.
A sky beast appears from thin air!
Reactivating autopickup.
The sky beast hits you. The sky beast shocks you.
You closely miss the sky beast.
The sky beast is moderately wounded.
You block the sky beast's attack.
You closely miss the sky beast.
The sky beast is moderately wounded.
The sky beast hits you. The sky beast shocks you.
* * * LOW HITPOINT WARNING * * *
You closely miss the sky beast.
The sky beast is moderately wounded.
The sky beast hits you but does no damage.
The sky beast flickers out of sight!
Deactivating autopickup; reactivate with Ctrl-A.
Something hits you but does no damage.
You barely miss something. Something hits you.
* * * LOW HITPOINT WARNING * * *
Something shocks you.
* * * LOW HITPOINT WARNING * * *
You hit something but do no damage. Something hits you but does no damage.
You miss something.
You feel the effects of Trog's Hand fading.
Something hits you.
* * * LOW HITPOINT WARNING * * *
Something shocks you.
* * * LOW HITPOINT WARNING * * *
Your skin stops crawling.
You feel less strong-willed.
Your skin crawls.
You feel strong-willed.
You can no longer call upon Trog for regeneration and willpower.
Something hits you.
* * * LOW HITPOINT WARNING * * *
Something shocks you.
You die...

#. ..##### . #..
..#...#..
#.###.# ....
##...###..
#.....#.##
#...#...#...# #
#. #####...# .#
#...#...#...#
..#
#..@.Y#.###.# .
##...###...##.#
########......##
................
...........#####
.####......#
#......#
..........
###......###


You could see an ice beast.

Vanquished Creatures
  Grinder (D:3)
  Natasha (twice) (D:2)
  2 adders (D:2)
  2 gnolls (D:1)
  4 worms
  4 orcs
  7 bats
  11 endoplasms
  A giant cockroach (D:1)
  4 hobgoblins
  4 jackals (D:2)
  8 kobolds
  3 quokkas
  5 ball pythons
  4 frilled lizards
  2 goblins
  8 rats
72 creatures vanquished.

Vanquished Creatures (others)
  2 fungi (D:1)
  A plant (D:1)
3 creatures vanquished.

Grand Total: 75 creatures vanquished

Notes
Turn   | Place    | Note
-------+----------+-------------------------------------------
     0 | D:1      | HallandMoats the Ghoul Fighter began the quest for the Orb.
     0 | D:1      | Reached XP level 1. HP: 19/19 MP: 0/0
   204 | D:1      | Got the Incunabulum of Conjuration
   256 | D:1      | Reached XP level 2. HP: 25/26 MP: 1/1
   383 | D:1      | Reached skill level 1 in Invocations
   383 | D:1      | Reached XP level 3. HP: 27/31 MP: 2/2
   489 | D:1      | HP: 1/33 [quokka (3)]
  1058 | D:1      | Found a faded altar of an unknown god.
  1063 | D:1      | Prayed at the altar of an unknown god.
  1063 | D:1      | Became a worshipper of Trog the Wrathful
  1063 | D:1      | Reached * piety under Trog
  1216 | D:2      | Reached XP level 4. HP: 16/40 MP: 2/4
  1398 | D:2      | Noticed a phantom
  1589 | D:2      | Noticed Natasha
  1596 | D:2      | Killed Natasha
  1597 | D:2      | Reached skill level 4 in Fighting
  1597 | D:2      | Reached skill level 1 in Dodging
  1790 | D:2      | Reached XP level 5. HP: 35/46 MP: 5/5
  1963 | D:2      | Reached ** piety under Trog
  2082 | D:2      | Noticed Natasha
  2091 | D:2      | Killed Natasha
  2490 | D:3      | Found an iron altar of Okawaru.
  2490 | D:3      | Found a stormy altar of Qazlal.
  2666 | D:3      | Noticed Grinder
  2682 | D:3      | Paralysed by Grinder for 5 turns
  2692 | D:3      | Killed Grinder
  2693 | D:3      | Reached XP level 6. HP: 16/53 MP: 5/7
  2928 | D:3      | You fall into a shaft and drop 3 floors!
  2939 | D:6      | Noticed an ice beast
  2941 | D:6      | Noticed a sky beast
  2959 | D:6      | HP: 1/53 [something (5)]
  2965 | D:6      | HP: 2/53 [something (3)]
  2965 | D:6      | Slain by a sky beast

Illustrated notes

Levels and vault maps discovered:
D:1:      lightli_arrival_statue_moat, layout_basic,
          shapermc_ecumenical_altar_petra
D:2:      layout_loops_ring, lightli_corner_chamber, uniq_natasha
D:3:      layout_rooms, jmf_multi_god_temple, chequers_serial_rivers_small_a,
          uniq_grinder
D:6:      nicolae_cairo_tiling, layout_rooms, elyvilon_altar_5,
          lightli_temple_of_fire, yredelemnul_altar_generic, serial_shops,
          nicolae_lakefront_shop

Skill      XL: |  1  2  3  4  5 |
---------------+----------------+-----
Polearms       | 2 3 |  3.4
Invocations    | 1 2 |  2.9
Fighting       | 4 |  4.7
Dodging        | 1 |  1.5
Shields        | 3 |  3.3
Armour         | 3 |  3.2

Action                   |  1- 3 |  4- 6 || total
-------------------------+-------+-------++-------
Melee: Trident           |   116 |   217 ||   333
Invok: Trog's Hand       |       |     4 ||     4
  Use: Potion            |       |     1 ||     1
Armor: Scale mail        |    39 |    92 ||   131
Dodge: Dodged            |    38 |    88 ||   126
Block: Buckler           |    18 |    38 ||    56
